Map: New Repugnancy LE

Players

Piroxiljin - Winner!

  • Race: Terran Terran
  • Spawn Location: 1:00

A.I. 1 (Harder)

  • Race: Zerg Zerg
  • Spawn Location: 7:00

VOD

Have the link to the VOD?

Description

Time

  • Played on: Feb. 2, 2019, 12:39 a.m.
  • Length: 12:31
Show
View Real Time Build Order
Export as new Build Order

Piroxiljin Terran - Winner!

Build Orders: Mech 

Get SALT Encoding   

  12  0:01  SCV  
  13  0:17  SCV  
  14  0:26  Supply Depot  
  14  0:30  SCV  
  14  0:34  Refinery  
  15  0:48  SCV  
  16  0:59  Barracks  
  16  1:01  SCV  
  17  1:13  SCV  
  18  1:20  Refinery  
  18  1:25  SCV  
  19  1:46  Supply Depot  
  19  1:56  Orbital Command  
  19  2:03  Factory, Barracks Tech Lab  
  19  2:22  SCV  
  20  2:32  Marauder  
  20  2:33  Concussive Shells  
  20  2:34  SCV  
  23  2:46  SCV  
  24  2:55  Factory  
  24  3:12  Command Center  
  24  3:27  Siege Tank  
  24  3:29  SCV  
  24  3:30  Barracks Tech Lab  
  28  3:41  SCV, Supply Depot  
  28  3:42  Supply Depot x2  
  28  3:46  Mag-Field Accelerator  
  29  3:53  SCV  
  30  4:02  Barracks Tech Lab  
  30  4:06  Siege Tank  
  33  4:17  Siege Tank  
  36  4:31  Factory, Marine  
  37  4:39  SCV  
  38  4:49  Supply Depot, Marine  
  38  4:51  SCV  
  40  4:52  Engineering Bay  
  40  4:59  Orbital Command  
  40  5:53  Refinery  
  40  5:54  SCV  
  40  5:56  Refinery  
  41  6:06  SCV  
  42  6:18  SCV, Siege Tank x3  
  49  6:21  Barracks Tech Lab  
  52  6:30  SCV  
  53  6:36  Terran Infantry Weapons Level 1  
  53  6:49  Command Center  
  53  6:50  Cyclone x2  
  59  6:56  Siege Tank  
  62  7:31  Cyclone  
  62  7:32  Cyclone, Siege Tank  
  71  7:49  Combat Shield  
  71  7:53  Factory  
  71  8:05  SCV  
  71  8:08  Armory  
  72  8:18  SCV  
  73  8:22  Missile Turret  
  73  8:30  SCV  
  74  8:45  Missile Turret  
  72  9:24  Marine  
  73  9:25  Thor  
  73  9:26  Siege Tank, Thor  
  88  9:41  Marine  
  89  9:58  Siege Tank  
  89  9:59  Marine  
  90  10:09  Siege Tank  
  93  10:28  Supply Depot  
  93  10:29  Supply Depot  
  93  10:31  Missile Turret  
  93  10:40  Supply Depot  
  93  10:50  Marine, Thor  
  93  10:51  Siege Tank  
  103  11:07  Marine  
  101  11:25  Marine  
  101  11:26  Unknown  
  98  11:43  Marine  
  96  12:01  Unknown  
Show
View Real Time Build Order
Export as new Build Order

A.I. 1 (Harder) Zerg 

Build Orders: 1 Base Baneling Bust, Pool First 

Get SALT Encoding   

  12  0:00  Drone  
  13  0:12  Overlord  
  13  0:17  Drone  
  14  0:30  Drone x2  
  16  0:42  Spawning Pool  
  15  0:44  Drone  
  15  0:49  Drone  
  17  0:52  Extractor  
  17  0:55  Drone  
  17  1:05  Overlord  
  17  1:30  Queen  
  17  1:31  Zergling x2  
  20  1:35  Roach Warren  
  20  1:38  Drone x2  
  21  1:42  Extractor  
  20  1:49  Zergling x2  
  21  1:59  Drone  
  22  2:10  Overlord  
  22  2:21  Drone  
  23  2:32  Roach  
  26  2:37  Drone  
  26  2:41  Overlord  
  26  2:42  Roach  
  28  2:52  Roach  
  30  3:02  Roach  
  32  3:07  Overlord  
  32  3:12  Roach  
  34  3:22  Roach  
  36  3:32  Roach  
  38  3:36  Overlord  
  38  3:42  Roach  
  40  3:51  Drone  
  40  3:52  Roach  
  43  3:56  Drone  
  43  3:59  Drone  
  45  4:06  Drone  
  45  4:12  Drone, Zergling x2  
  45  4:16  Overlord  
  47  4:20  Drone  
  48  4:29  Roach, Baneling Nest  
  49  4:37  Evolution Chamber  
  48  4:39  Drone  
  48  4:44  Drone, Roach  
  52  4:54  Roach  
  54  5:04  Roach  
  58  5:14  Roach  
  58  6:30  Zerg Melee Weapons Level 1, Lair, Overlord, Zergling x2  
  59  6:32  Spore Crawler  
  59  6:34  Spore Crawler  
  59  6:36  Zergling x2, Metabolic Boost  
  59  6:38  Hatchery  
  59  6:39  Drone  
  58  6:42  Zergling x2  
  59  6:51  Overlord  
  59  7:04  Zergling x2  
  52  7:10  Zergling x2  
  52  7:15  Spine Crawler  
  46  7:17  Drone  
  47  7:25  Spine Crawler  
  47  7:26  Drone  
  47  7:27  Burrow  
  47  7:31  Drone, Hydralisk Den  
  47  7:33  Infestation Pit  
  47  7:34  Drone  
  47  7:38  Overseer  
  47  7:49  Queen  
  47  7:50  Drone x2  
  51  7:52  Overseer  
  51  7:54  Drone  
  51  7:56  Drone x2  
  54  8:00  Drone x2  
  54  8:01  Drone  
  54  8:02  Hydralisk  
  54  8:04  Drone  
  60  8:11  Drone  
  61  8:13  Drone  
  62  8:22  Drone  
  62  8:23  Drone  
  62  8:24  Zerg Ground Armor Level 1  
  62  8:25  Hydralisk  
  62  8:26  Drone x2  
  68  8:32  Drone  
  69  8:34  Swarm Host  
  69  8:36  Spore Crawler  
  69  8:41  Spore Crawler  
  70  8:43  Drone  
  70  8:46  Drone  
  70  8:47  Queen  
  74  8:54  Zergling x2  
  54  8:59  Zergling x2  
  55  9:05  Zergling x2  
  52  9:11  Roach  
  52  9:17  Roach  
  52  9:22  Roach  
  51  9:28  Zergling x2  
  51  9:34  Overlord, Zergling x2  
  52  9:40  Roach  
  52  9:45  Extractor, Roach  
  50  9:51  Drone  
  50  9:52  Drone  
  43  9:58  Overseer  
  44  10:03  Zergling x2  
  33  10:07  Drone x2  
  33  10:08  Zergling x2  
  26  10:18  Drone  
  27  10:27  Drone, Roach  
  30  10:32  Hydralisk  
  32  10:38  Zergling x2  
  32  10:41  Evolution Chamber, Drone  
  33  10:51  Drone  
  33  10:55  Hydralisk  
  33  10:56  Drone, Zergling x2  
  36  11:03  Zergling x2  
  30  11:04  Queen  
  32  11:14  Overseer, Zergling x2  
  32  11:24  Hydralisk, Zergling x2, Roach  
  34  11:26  Roach  
  34  11:36  Hydralisk  
  34  11:38  Overseer  
  31  11:47  Drone  
Tags
 
Add a new tag
Caveats
  • Supply blocks, unpowered buildings, or Contaminate may cause inaccurate times.
  • Supply counts are checked every 10 seconds.